Dungeon Sprint DCSS version 0.18-a0-1312-gf98331d (webtiles) character file.

13100000 xeno23 the Grand Master (level 27, -325/336 (341) HPs) Began as a Demonspawn Gladiator on Feb 14, 2016. Was the Champion of Makhleb. Annihilated by a fleshlord ... wielding a +9 great mace (415 damage) ... in the Dungeon (Sprint VIII: "Arena of Blood"). The game lasted 00:08:10 (131 turns). xeno23 the Grand Master (Demonspawn Gladiator) Turns: 131, Time: 00:08:17 HP: -325/336 (341)AC: 11 Str: 17 XL: 27 MP: 46/54 EV: 38 Int: 11 God: Makhleb [******] Gold: 0 SH: 0 Dex: 24 Spells: 0 memorised, 80 levels left rFire + . . SeeInvis . k - +∞ Axe of Woe rCold . . . Gourm . a - +0 leather armour rNeg . . . Faith . (shield currently unavailable) rPois . Spirit . b - +0 helmet rElec . Dismiss . (no cloak) rCorr . Reflect . (no gloves) SustAt . Harm . (boots unavailable) MR ++... NoTele + (no amulet) Stlth +++++++++. (no ring) (no ring) @: non-regenerating, diseased, slowed, very slow, very resistant to hostile enchantments, incredibly stealthy A: hooves 3, rugged brown scales 3, demonic guardian 3, fire resistance 1, ignite blood, robust 3, flame cloud immunity a: Minor Destruction, Lesser Servant of Makhleb, Major Destruction, Greater Servant of Makhleb, Renounce Religion You were in the Dungeon. You worshipped Makhleb. Makhleb was exalted by your worship. You were not hungry. You visited 1 branch

Inventory:

Hand Weapons
 k - the +∞ Axe of Woe (weapon)
   (You found it in the Dungeon)
Missiles
 c - 3 throwing nets (quivered)
Armour
 a - a +0 leather armour (worn)
 b - a +0 helmet (worn)
Scrolls
 j - a scroll of blinking
Potions
 e - a potion of curing
 f - a potion of heal wounds
 g - a potion of haste
 h - 2 potions of magic
 i - a potion of berserk rage
Comestibles
 d - a bread ration


   Skills:
 O Level 27 Fighting
 O Level 27 Axes
 O Level 27 Throwing
 O Level 27 Armour
 O Level 27 Dodging
 O Level 27 Stealth
 O Level 27 Unarmed Combat
 O Level 27 Spellcasting
 O Level 27 Invocations


You had 80 spell levels left.
You didn't know any spells.

Dungeon Overview and Level Annotations

Branches:
Dungeon (1/1)

Altars:
Makhleb


Innate Abilities, Weirdness & Mutations

You have hooves in place of feet.
You are completely covered in rugged brown scales (AC +3, +7% HP).
A powerful demonic guardian rushes to your aid.
Your flesh is heat resistant.
Your demonic aura causes spilled blood to erupt in flames.
You are extremely robust (+30% HP).
You are immune to clouds of flame.


Message History

You hear a shout! x4
The meat berserker is engulfed in roaring flames.
You hear a shout! x2
The meat beast bites you but does no damage.
The meat beast completely misses you.
You hear a shout! x2
The dread is engulfed in roaring flames.
The dread calls on the powers of darkness!
The fleshlord convulses!
The bag of meat convulses!
The fleshlord convulses!
The bag of meat convulses!
Your body is wracked with pain!
The meat berserker convulses! x2; The eight-headed meat hydra convulses!
The fleshlord convulses!
The eight-headed meat hydra convulses!
The meat berserker is engulfed in roaring flames.
The meat berserker hits you with a +9 battleaxe!!!!
* * * LOW HITPOINT WARNING * * *
The dread appears out of thin air!
A dread comes into view.
The fleshlord hits you with a +9 great mace!!!!!!
Ouch! That really hurt!
You die...

...... ...p. ..
#.... .# .. #.D.
..# .M.###.p.
..###.
..oCWo2.###..D...
#.LSop2V§§%..Oo.
#@O§%.# #p)o._#
#p§...#
..§W§_......
...§.o###.%....
..###..) ..###. .
#.)) ..# #... .#
.§... ..


You could see an accursed, a meat beast, a tyrant, a reaper, 2 eight-headed meat
hydras, a destroyer, a scourge, 5 fleshlords, a large bag of meat (inner flame),
2 dreads, 2 meat berserkers and 6 bags of meat.

Vanquished Creatures
  4 hell knights (D)
  5 hell beasts (D)
  9 greater mummies (D)
  3 great orbs of eyes (D)
  Harold (D)
  13 vampire knights (D)
  31 ogres (D)
  8 liches (D)
  2 hydras (D)
  51 orcs (D)
  5 phantoms (D)
  3 hill giants (D)
  2 skeletal warriors (D)
  2 sea snakes (D)
  6 large abominations (D)
  A small abomination (D)
  3 crawling corpses (D)
149 creatures vanquished.

Vanquished Creatures (others)
  A great orb of eyes (D)
  3 orcs (D)
  A sea snake (D)
5 creatures vanquished.

Grand Total: 154 creatures vanquished

Notes
Turn   | Place    | Note
--------------------------------------------------------------
     0 | D        | xeno23 the Demonspawn Gladiator began the quest for the Orb.
     0 | D        | Reached XP level 1. HP: 16/16 MP: 1/1
     4 | D        | Noticed a bag of meat
     4 | D        | Became a worshipper of Makhleb the Destroyer
     8 | D        | Killed a bag of meat
     8 | D        | Reached skill level 10 in Fighting
     8 | D        | Reached skill level 16 in Dodging
     8 | D        | Gained mutation: You have large cloven feet. [demonic ancestry]
     8 | D        | Reached XP level 2. HP: 19/36 MP: 2/2
     8 | D        | Gained mutation: Your flesh is heat resistant. [demonic ancestry]
     8 | D        | Reached XP level 3. HP: 22/42 MP: 3/3
     8 | D        | Gained mutation: A weak demonic guardian rushes to your aid. [demonic ancestry]
     8 | D        | Reached XP level 4. HP: 25/48 MP: 4/4
     8 | D        | Reached XP level 5. HP: 28/54 MP: 5/5
     8 | D        | Gained mutation: You are partially covered in rugged brown scales (AC +1, +3% HP). [demonic ancestry]
     8 | D        | Reached XP level 6. HP: 28/62 MP: 6/6
     8 | D        | Gained mutation: You are immune to clouds of flame. [demonic ancestry]
     8 | D        | Reached XP level 7. HP: 31/69 MP: 7/7
     8 | D        | Reached XP level 8. HP: 33/75 MP: 8/8
     8 | D        | Reached XP level 9. HP: 35/81 MP: 9/9
     8 | D        | Gained mutation: A demonic guardian rushes to your aid. [demonic ancestry]
     8 | D        | Reached XP level 10. HP: 38/88 MP: 10/10
     8 | D        | Reached XP level 11. HP: 40/94 MP: 11/11
    10 | D        | Noticed a bag of meat
    12 | D        | Noticed a bag of meat
    12 | D        | Noticed a bag of meat
    14 | D        | Noticed a meat berserker
    15 | D        | Killed a meat berserker
    15 | D        | Reached * piety under Makhleb
    15 | D        | Reached skill level 20 in Dodging
    15 | D        | Gained mutation: You are mostly covered in rugged brown scales (AC +2, +5% HP). [demonic ancestry]
    15 | D        | Reached XP level 12. HP: 42/108 MP: 12/12
    15 | D        | Reached XP level 13. HP: 44/114 MP: 13/13
    16 | D        | Noticed a meat berserker
    16 | D        | Noticed a meat berserker
    16 | D        | Killed a bag of meat
    16 | D        | Reached skill level 1 in Axes
    16 | D        | Reached skill level 21 in Dodging
    16 | D        | Gained mutation: You have hoof-like feet. [demonic ancestry]
    16 | D        | Reached XP level 14. HP: 47/124 MP: 14/14
    16 | D        | Killed a meat berserker
    16 | D        | Reached ** piety under Makhleb
    16 | D        | Reached skill level 15 in Fighting
    16 | D        | Reached skill level 23 in Dodging
    16 | D        | Reached XP level 15. HP: 49/135 MP: 15/15
    16 | D        | Reached skill level 24 in Dodging
    16 | D        | HP: 5/137 [meat berserker/+9 battleaxe (44)]
    17 | D        | Killed a meat berserker
    17 | D        | Reached *** piety under Makhleb
    17 | D        | Reached skill level 5 in Axes
    17 | D        | Reached skill level 15 in Throwing
    17 | D        | Reached skill level 1 in Armour
    17 | D        | Reached skill level 26 in Dodging
    17 | D        | Gained mutation: You are robust (+10% HP). [demonic ancestry]
    17 | D        | Reached XP level 16. HP: 5/162 MP: 16/16
    18 | D        | Noticed a meat berserker
    18 | D        | Reached skill level 27 in Dodging
    18 | D        | Reached skill level 27 in Unarmed Combat
    19 | D        | Reached **** piety under Makhleb
    19 | D        | Reached XP level 17. HP: 67/178 MP: 17/17
    20 | D        | Noticed a meat berserker
    20 | D        | Noticed a destroyer
    20 | D        | Noticed a meat berserker
    20 | D        | Noticed a destroyer
    21 | D        | Killed a meat berserker
    21 | D        | Reached skill level 15 in Axes
    21 | D        | Reached skill level 5 in Armour
    21 | D        | Killed a destroyer
    21 | D        | Gained mutation: A powerful demonic guardian rushes to your aid. [demonic ancestry]
    21 | D        | Reached XP level 18. HP: 174/201 MP: 18/18
    22 | D        | Noticed a meat berserker
    22 | D        | Killed a meat berserker
    22 | D        | Reached ***** piety under Makhleb
    23 | D        | Killed a meat berserker
    23 | D        | Reached skill level 27 in Fighting
    23 | D        | Reached skill level 10 in Armour
    23 | D        | Gained mutation: You have hooves in place of feet. [demonic ancestry]
    23 | D        | Reached XP level 19. HP: 215/217 MP: 19/19
    24 | D        | Killed a meat berserker
    24 | D        | Reached skill level 27 in Axes
    24 | D        | Reached skill level 27 in Throwing
    24 | D        | Killed a destroyer
    24 | D        | Gained mutation: You are very robust (+20% HP). [demonic ancestry]
    24 | D        | Reached XP level 20. HP: 217/246 MP: 20/20
    25 | D        | Reached ****** piety under Makhleb
    26 | D        | Reached skill level 27 in Armour
    26 | D        | Reached skill level 15 in Invocations
    29 | D        | Noticed a meat berserker
    29 | D        | Noticed a destroyer
    29 | D        | Reached XP level 21. HP: 255/255 MP: 20/38
    29 | D        | Reached skill level 15 in Spellcasting
    32 | D        | Noticed a destroyer
    34 | D        | Killed a destroyer
    34 | D        | Reached skill level 27 in Invocations
    34 | D        | Reached XP level 22. HP: 265/265 MP: 21/49
    35 | D        | Killed a destroyer
    35 | D        | Reached skill level 27 in Stealth
    35 | D        | Reached skill level 27 in Spellcasting
    36 | D        | Noticed a destroyer
    36 | D        | Gained mutation: You are completely covered in rugged brown scales (AC +3, +7% HP). [demonic ancestry]
    36 | D        | Reached XP level 23. HP: 265/278 MP: 21/54
    37 | D        | Noticed The Servant
    39 | D        | Killed a destroyer
    39 | D        | Gained mutation: Your demonic aura causes spilled blood to erupt in flames. [demonic ancestry]
    39 | D        | Reached XP level 24. HP: 288/288 MP: 22/54
    40 | D        | Noticed a destroyer
    43 | D        | Gained mutation: You are extremely robust (+30% HP). [demonic ancestry]
    43 | D        | Reached XP level 25. HP: 268/320 MP: 23/54
    43 | D        | Killed a destroyer
    44 | D        | Noticed a destroyer
    44 | D        | Noticed an accursed
    45 | D        | Killed The Servant
    45 | D        | Reached XP level 26. HP: 331/331 MP: 24/54
    46 | D        | Noticed a destroyer
    47 | D        | Noticed a destroyer
    47 | D        | Noticed an accursed
    50 | D        | Killed a destroyer
    50 | D        | Reached XP level 27. HP: 341/341 MP: 25/54
    52 | D        | Noticed an accursed
    52 | D        | Noticed a tyrant
    53 | D        | Noticed a tyrant
    53 | D        | Noticed a tyrant
    54 | D        | Killed a destroyer
    57 | D        | Killed an accursed
    60 | D        | Killed a tyrant
    61 | D        | Killed a tyrant
    61 | D        | Killed an accursed
    62 | D        | Killed a tyrant
    64 | D        | Noticed a tyrant
    65 | D        | Noticed a destroyer
    67 | D        | Killed a destroyer
    74 | D        | Killed a destroyer
    76 | D        | Killed a tyrant
    77 | D        | Noticed a destroyer
    77 | D        | Noticed a meat beast
    78 | D        | Noticed a meat beast
    78 | D        | Killed a destroyer
    79 | D        | Noticed a meat beast
    82 | D        | Killed a meat beast
    82 | D        | Killed a meat beast
    83 | D        | Killed an accursed
    84 | D        | Killed a meat beast
    86 | D        | Noticed a tyrant
    86 | D        | Noticed an accursed
    86 | D        | Noticed a tyrant
    90 | D        | Killed a tyrant
    95 | D        | Noticed an accursed
    96 | D        | Noticed a tyrant
    98 | D        | Killed a tyrant
   100 | D        | Noticed a destroyer
   100 | D        | Noticed a tyrant
   100 | D        | HP: 15/339 [??? (13)]
   102 | D        | Killed an accursed
   104 | D        | Killed a destroyer
   108 | D        | Killed a tyrant
   109 | D        | Noticed an accursed
   111 | D        | Killed an accursed
   113 | D        | Noticed a destroyer
   115 | D        | Noticed a fleshlord
   118 | D        | Noticed an accursed
   118 | D        | Killed a destroyer
   119 | D        | Noticed a dread
   120 | D        | Killed a tyrant
   122 | D        | Noticed a fleshlord
   122 | D        | Killed a fleshlord
   122 | D        | Killed an accursed
   123 | D        | Noticed a fleshlord
   123 | D        | Killed an accursed
   123 | D        | Noticed a fleshlord
   124 | D        | Noticed a meat beast
   124 | D        | Noticed a fleshlord
   126 | D        | Noticed a fleshlord
   126 | D        | Noticed an accursed
   126 | D        | Noticed a meat beast
   126 | D        | Noticed an accursed
   126 | D        | Noticed a destroyer
   126 | D        | Noticed an accursed
   126 | D        | Killed a meat beast
   127 | D        | Noticed a meat beast
   127 | D        | Noticed a tyrant
   127 | D        | Killed a fleshlord
   127 | D        | Killed a meat beast
   128 | D        | Noticed a fleshlord
   128 | D        | Noticed an accursed
   128 | D        | Killed an accursed
   129 | D        | Noticed a fleshlord
   129 | D        | Killed a fleshlord
   129 | D        | Noticed a tyrant
   130 | D        | Killed an accursed
   131 | D        | Noticed a fleshlord
   131 | D        | Killed a fleshlord
   131 | D        | Annihilated by a fleshlord

Vault maps used:
D:        meatsprint

Action                   |  1- 3 |  4- 6 |  7- 9 | 10-12 | 13-15 | 16-18 | 19-21 | 22-24 | 25-27 || total
-------------------------+-------+-------+-------+-------+-------+-------+-------+-------+-------++-------
Melee: Executioner's axe |     1 |       |       |     1 |     1 |     5 |     5 |     8 |    47 ||    68
 Stab: Distracted        |       |       |       |       |       |       |       |       |     3 ||     3
